AoeStats
← viwa

Arabian Desert

509829368Analyzed
1v1 RM · 4d ago on Sep 28, 2026· 38m 47s· 2 players
Game mode
Random Map
Map size
Tiny (2 player)
Population
200
Speed
Normal
Resources
Standard
Victory
Conquest
Starting age
Dark Age
Ending age
Imperial Age
RankedLock teamsTeams togetherTeam positionsShared explorationLock speedFull tech treeHidden civsTurbo modeCheats
Victory
Defeat
🇬🇷 Khmer · Greece
1032
+15
🇸🇪 Britons · Sweden
1016
-15
viwa
5:16 Loom
9:57 Feudal Age
11:57 Double-Bit Axe
17:24 Horse Collar
17:36 Gold Mining
20:10 Fletching
23:40 Castle Age
25:42 Bow Saw
25:33 Heavy Plow
25:25 Gold Mining
25:32 Bodkin Arrow
25:38 Padded Archer Armor
26:09 Crossbowman
28:08 Leather Archer Armor
36:19 Ballistics
37:39 Pikeman
alexdoc.aek
8:06 Loom
9:56 Feudal Age
8:51 Loom
11:12 Double-Bit Axe
17:13 Horse Collar
19:41 Bloodlines
20:47 Wheelbarrow
21:09 Forging
24:46 Scale Barding Armor
27:55 Castle Age
28:00 Light Cavalry
29:08 Chain Barding Armor
30:30 Bow Saw
32:48 Heavy Plow
32:39 Town Watch
33:06 Husbandry
34:02 Iron Casting
41:06 Imperial Age
Connection lost

Rejoining the realm…

Still unreachable

The connection could not be restored.

Session expired

The server has moved on; the page needs a fresh start.